 Dungeon Crawl Stone Soup version 0.19-a0-916-g8ae7e35 (webtiles) character file.

203 Implojin the Chopper (level 5, -3/45 HPs)
             Began as a Minotaur Fighter on July 6, 2016.
             Killed by divine providence
             ... invoked by an orc priest
              (11 damage)
             ... on level 6 of the Dungeon.
             The game lasted 00:05:20 (905 turns).

Implojin the Chopper (Minotaur Fighter)              Turns: 905, Time: 00:05:22

Health: -3/45      AC:  6    Str: 20    XL:     5   Next: 51%
Magic:  4/4        EV:  7    Int:  5    God:
Gold:   280        SH: 10    Dex: 11    Spells: 0 memorised, 4 levels left

rFire  + . .     SeeInvis .     a - +0 war axe
rCold  . . .     Gourm    .     b - +0 scale mail
rNeg   . . .     Faith    .     c - +1 shield
rPois  .         Spirit   .     (helmet restricted)
rElec  .         Dismiss  .     (no cloak)
rCorr  .         Reflect  .     (no gloves)
SustAt .         Harm     .     (no boots)
MR     .....                    (no amulet)
Stlth  ..........               (no ring)
                                d - ring of protection from fire

@: not resistant to hostile enchantments, extremely unstealthy
A: retaliatory headbutt, horns 2
a: no special abilities


You were on level 6 of the Dungeon.
You were not hungry.

You visited 1 branch of the dungeon, and saw 6 of its levels.
You also visited: Ossuary.

You collected 280 gold pieces.

Inventory:

Hand Weapons
 a - a +0 war axe (weapon)
Armour
 b - a +0 scale mail (worn)
 c - a +1 shield (worn)
Jewellery
 d - a ring of protection from fire (left hand)
Wands
 m - a wand of confusion (20/48)
Scrolls
 l - a scroll of remove curse
 p - a scroll of recharging {unknown}
 q - a scroll of enchant armour
 s - a scroll of summoning {unknown}
Potions
 e - a potion of flight
 h - a potion of resistance {unknown}
 i - a potion of haste {unknown}
 j - 2 potions of curing
 k - a potion of lignification {unknown}
 n - a potion of cancellation {unknown}
 o - 2 potions of heal wounds {unknown}
 r - a potion of ambrosia {unknown}
 t - 2 potions of brilliance {unknown}
 u - a potion of cure mutation {unknown}
 v - a potion of invisibility {unknown}
 w - a potion of berserk rage {unknown}
Comestibles
 f - 4 bread rations
 g - a meat ration


   Skills:
 - Level 3.6 Fighting
 * Level 7.0 Axes
 - Level 3.6 Armour
 - Level 3.6 Shields


You had 4 spell levels left.
You didn't know any spells.

Dungeon Overview and Level Annotations

Branches:
Dungeon (6/15)
 Temple: D:4-7

Altars:


Innate Abilities, Weirdness & Mutations

You reflexively headbutt those who attack you in melee.
You have a pair of horns on your head.


Message History

The orc priest is lightly wounded.
You hit the orc warrior but do no damage.
You closely miss the orc. x2
The orc priest casts a cantrip, but nothing happens.
The orc hits you but does no damage. The orc barely misses you.
You furiously retaliate!
You headbutt the orc, but do no damage.
The orc warrior hits you with a scimitar!
* * * LOW HITPOINT WARNING * * *
The orc priest calls upon Beogh to heal the orc.
The orc's wounds heal themselves!
Unknown command.
You completely miss the orc priest. Your headbutt misses the orc priest.
The orc priest is lightly wounded.
Your shield and scale mail prevent you from hitting the orc warrior.
You hit the orc. x2; The orc hits you.
* * * LOW HITPOINT WARNING * * *
The orc hits you but does no damage. You block the orc warrior's attack.
The orc priest closely misses you.
Unknown command.
Unknown command.
You hit the orc priest but do no damage.
You headbutt the orc priest.
The orc priest is moderately wounded.
You slash the orc!
You kill the orc!
Your shield prevents you from hitting the orc.
You hit the orc warrior but do no damage.
The orc hits you.
* * * LOW HITPOINT WARNING * * *
The orc priest hits you.
* * * LOW HITPOINT WARNING * * *
The orc warrior closely misses you. You block the orc's attack.
Unknown command.
You hit the orc priest.
The orc priest is heavily wounded.
You hit the orc warrior.
Your shield and scale mail prevent you from hitting the orc.
The orc priest calls down the wrath of Beogh upon you.
Beogh smites you!
You die...

#.......>....
#............
###............≈
#...............
................
...............
#.....)oo....##
#.....o@......##
...............#
...
!..........##..
...
.......#....#
....
......###...##
..... .....#
##...# #.....
....# #...##...#
.... ##.......#
... #.......##


You could see an orc warrior, an orc priest and an orc.

Vanquished Creatures
  8 mummies (Ossuary)
  A worker ant zombie (D:5)
  A howler monkey skeleton (D:6)
  4 adders
  A worm (D:3)
  A dart slug (D:4)
  2 giant geckos
  An orc (D:6)
  3 giant cockroaches
  3 goblins (D:3)
  4 hobgoblins
  6 jackals (D:4)
  2 giant newts (D:1)
  A gnoll zombie (Ossuary)
  4 kobold zombies (Ossuary)
  3 orc zombies (Ossuary)
  2 quokka zombies (D:4)
  A rat (D:1)
48 creatures vanquished.

Notes
Turn   | Place    | Note
-------+----------+-------------------------------------------
     0 | D:1      | Implojin the Minotaur Fighter began the quest for the Orb.
     0 | D:1      | Reached XP level 1. HP: 19/19 MP: 0/0
    33 | D:1      | Reached skill level 3 in Axes
    63 | D:1      | Reached XP level 2. HP: 23/26 MP: 1/1
   128 | D:3      | Reached skill level 4 in Axes
   220 | D:3      | Reached XP level 3. HP: 14/31 MP: 2/2
   277 | D:4      | Reached skill level 5 in Axes
   317 | D:5      | Entered Level 5 of the Dungeon
   327 | D:5      | Noticed an ogre
   496 | D:4      | Found a sand-covered staircase.
   514 | Ossuary  | Entered an ossuary
   531 | Ossuary  | Reached XP level 4. HP: 32/39 MP: 3/3
   540 | Ossuary  | Reached skill level 6 in Axes
   579 | Ossuary  | Reached XP level 5. HP: 35/45 MP: 4/4
   780 | D:6      | Reached skill level 7 in Axes
   897 | D:6      | Noticed an orc warrior
   905 | D:6      | Killed from afar by an orc priest

Vault maps used:
D:1:      scummos_arrival_hexagon, minmay_unequal
D:2:      minivault_14, minmay_fountain_box
D:4:      enter_ossuary_4, first_bread, kennysheep_generic_room_3
D:5:      portal_sewer_entry_f
D:6:      grunt_qazlal_sundering
Ossuary:  ossuary_tomb_3

Skill      XL: |  1  2  3  4  5 |
---------------+----------------+-----
Axes           | 3 4 5 6 7 |  7.0
Fighting       | |  3.6
Armour         | |  3.6
Shields        | |  3.6

Action                   |  1- 3 |  4- 6 || total
-------------------------+-------+-------++-------
Melee: War axe           |    71 |    42 ||   113
       Headbutt          |     9 |     8 ||    17
  Use: Scroll            |     2 |     3 ||     5
       Potion            |     1 |       ||     1
Armor: Scale mail        |    32 |    13 ||    45
Dodge: Dodged            |    26 |    12 ||    38
Block: Shield            |    54 |    14 ||    68

Table legend:
 A = Turns spent in this place as a percentage of turns spent in the entire game.
 B = Non-inter-level travel turns spent in this place as a percentage of non-inter-level travel turns spent in the entire game.
 C = Inter-level travel turns spent in this place as a percentage of turns spent in this place.
 D = Turns resting spent in this place as a percentage of non-inter-level travel turns spent in this place.
 E = Turns spent auto-exploring this place as a percentage of non-inter-level travel turns spent in this place.
 F = Non-inter-level travel turns spent in this place divided by the number of levels of this place that you've seen.
                   A       B       C       D       E      F
               +-------+-------+-------+-------+-------+----------------------
         Total | 100.0 | 100.0 |   0.0 |   0.0 |   0.0 | 133.0
       Dungeon |  82.0 |  82.0 |   0.0 |   0.0 |   0.0 | 127.2
       Ossuary |  18.0 |  18.0 |   0.0 |   0.0 |   0.0 | 168.0
               +-------+-------+-------+-------+-------+----------------------

Table legend:
 A = Kills in this place as a percentage of kills in entire the game.
 B = Kills by you in this place as a percentage of kills by you in the entire game.
 C = Kills by friends in this place as a percentage of kills by friends in the entire game.
 D = Other kills in this place as a percentage of other kills in the entire game.
 E = Experience gained in this place as a percentage of experience gained in the entire game.
 F = Experience gained in this place divided by the number of levels of this place that you have seen.
                   A       B       C       D       E      F
               +-------+-------+-------+-------+-------+----------------------
         Total | 100.0 | 100.0 |  -nan |  -nan | 100.0 |  41.4
       Dungeon |  66.7 |  66.7 |  -nan |  -nan |  48.3 |  23.3
       Ossuary |  33.3 |  33.3 |  -nan |  -nan |  51.7 | 150.0
               +-------+-------+-------+-------+-------+----------------------
